[Event "Danish Skakligaen 2024-25"]
[Site "Denmark"]
[Date "2024.11.03"]
[Round "2.1"]
[White "Ochsner, Bjorn Moller"]
[Black "Mikkelsen, Nikolaj"]
[Result "1-0"]
[ECO "C79"]
[WhiteElo "2512"]
[BlackElo "2477"]
[Annotator "TA"]
[PlyCount "81"]
[EventDate "2024.11.02"]
[EventType "team-tourn"]
[EventCountry "DEN"]
[SourceTitle "playchess.com"]
[Source "ChessBase"]
[SourceQuality "1"]
[TimeControl "40/5400+30:1800+30"]

1. e4 e5 2. Nf3 Nc6 3. Bb5 a6 4. Ba4 Nf6 5. O-O d6 6. Re1 Bd7 7. c3 g6 8. d4 Bg7 9. h3 O-O 10. Bc2 Nh5 11. a4 {[%emt 0:00:37][%cal Ba2a4,Ba4a5][%mdl 32] White is slightly better.} Qe8 12. a5 Kh8 13. Ra3 f5 14. d5 Nd8 15. c4 f4 16. Ba4 Nf7 17. Bxd7 Qxd7 18. Rc3 Nf6 19. c5 Rg8 20. cxd6 cxd6 21. Nbd2 Raf8 22. Qc2 Ne8 23. Nc4 Qe7 24. Nb6 ({White should try} 24. Bd2 $16) 24... h5 25. Qa4 Nd8 (25... Nh6 $14) 26. Bd2 $16 Rf7 27. Rec1 Bf6 28. Nh2 Rgg7 (28... g5 $11) 29. Rc8 $36 {[%emt 0:01:32][%cal Oc8d8][%mdl 2048] Hoping for Rxd8! White is in control.} g5 $2 (29... Rg8 $16 {is a better chance.} 30. Rb8 Nc7) 30. Rb8 $2 (30. Rxd8 $18 {and the rest is easy.} Qxd8 31. Rc8) 30... Nc7 31. Bb4 {[%emt 0:01:00] Strongly threatening Qd1. White has more active pieces. Black is weak on the light squares} Nb5 $2 {[%emt 0:01:03][%mdl 8192] [#] This costs Black the game.} (31... Qf8 $16 32. Qd1 g4 33. hxg4 Nb5) 32. Rxd8+ $1 $18 {[%emt 0:01:19][%mdl 512] White is clearly winning.} Qxd8 33. Rc8 Rc7 34. Rxd8+ Bxd8 35. Qd1 Rh7 36. b3 Rcg7 37. Nc4 Rg6 38. Qa1 Bc7 39. Nf3 Re7 {[%emt 0:00:21] [#]} 40. Nfxe5 $1 Rxe5 {[%emt 0:00:17] [#]} 41. Bxd6 $1 {[%emt 0:30:30][%mdl 512] Weighted Error Value: White=0.25 (precise) /Black=0.54.  Loses game:     	---       	Black=2      Missed win:     	White=1     	---        Mistake:       	White=1     	Black=2      Inaccurate:     	White=3     	Black=4      OK:         	White=12    	Black=6      Best:        	White=1     	---} 1-0

[Event "Danish Skakligaen 2024-25"]
[Site "Denmark"]
[Date "2024.11.03"]
[Round "2.1"]
[White "Rozentalis, Eduardas"]
[Black "Grandelius, Nils"]
[Result "0-1"]
[ECO "B51"]
[WhiteElo "2489"]
[BlackElo "2645"]
[Annotator "TA"]
[PlyCount "110"]
[EventDate "2024.11.02"]
[EventType "team-tourn"]
[EventCountry "DEN"]
[SourceTitle "playchess.com"]
[Source "ChessBase"]
[SourceQuality "1"]
[TimeControl "40/5400+30:1800+30"]

1. e4 c5 2. Nf3 d6 3. Bb5+ Nd7 4. d4 cxd4 5. Qxd4 a6 6. Bxd7+ Bxd7 7. c4 {[%emt 0:01:15] B51: Sicilian: Moscow Variation (3 Bb5+) without 3...Bd7.} Nf6 8. Nc3 g6 9. Bg5 Bg7 10. Nd5 O-O 11. Bxf6 exf6 12. O-O f5 $146 ({Predecessor:} 12... Re8 13. Rfe1 f5 14. e5 dxe5 15. Nxe5 Bc6 16. Nxc6 Bxd4 17. Nxd8 Raxd8 18. Kf1 Kg7 19. Rxe8 Rxe8 {½-½ Munoz Pantoja,M (2450)-Garriga Cazorla,P (2477) Barbera del Valles 2nd 2021 (7)}) 13. e5 dxe5 14. Nxe5 Bc6 15. Rad1 Re8 16. Rfe1 Bxd5 17. cxd5 Qd6 18. f4 Re7 19. Re3 Rae8 20. Rde1 Rd8 21. Rd1 Rde8 22. Rde1 Rd8 23. Rd1 $1 h5 24. h4 Rde8 25. Rde1 Rd8 26. Rd1 Rc8 27. Re2 Rce8 28. Rde1 Rd8 29. Rd1 {[%emt 0:02:07] [#]} ({Better is} 29. Rd2 $1 $15) 29... f6 $1 $17 30. Nc4 Qxd5 31. Qxd5+ Rxd5 32. Rxd5 Rxe2 33. Nd2 Bf8 34. Kf1 Re6 35. Kf2 Rc6 36. Nb3 Rc2+ 37. Rd2 Rxd2+ 38. Nxd2 Kf7 39. Ke2 (39. Nf1 {is a better defense.}) 39... Ke6 $19 40. Kd3 Bd6 41. g3 $2 (41. Ke3) 41... Bc5 42. Nf1 $2 (42. Ke2) 42... Kd5 $19 43. b3 Bb6 44. Nd2 (44. Ne3+ $142 Kc6 (44... Bxe3 45. Kxe3 Kc5 46. a3 $11) 45. Nd1) 44... Bf2 45. Nf1 Kc5 46. Kc3 (46. a3 $142) 46... a5 $19 47. Kd3 Kb4 48. Kc2 Ka3 49. Kb1 a4 (49... b5 $142 50. Ka1 a4 51. bxa4 Bd4+ (51... bxa4 $2 52. Kb1 $19) 52. Kb1 Kxa4 (52... bxa4 $2 53. Nd2 $19)) 50. bxa4 Kxa4 51. Kb2 Kb4 52. Kc2 Ka3 53. Kb1 b5 54. Ka1 b4 55. Kb1 b3 0-1

[Event "Danish Skakligaen 2024-25"]
[Site "Denmark"]
[Date "2024.11.03"]
[Round "2.1"]
[White "Hillarp Persson, Tiger"]
[Black "Andersen, Mads"]
[Result "1/2-1/2"]
[ECO "A08"]
[WhiteElo "2455"]
[BlackElo "2595"]
[Annotator "TA"]
[PlyCount "91"]
[EventDate "2024.11.02"]
[EventType "team-tourn"]
[EventCountry "DEN"]
[SourceTitle "playchess.com"]
[Source "ChessBase"]
[SourceQuality "1"]
[TimeControl "40/5400+30:1800+30"]

1. Nf3 d5 2. g3 c5 3. Bg2 Nc6 4. d4 e6 5. O-O cxd4 6. Nxd4 Bc5 7. Nxc6 bxc6 8. c4 Nf6 9. Qc2 {[%emt 0:01:32] E01: Catalan: Early deviations.} Qe7 $1 {[%emt 0:00:25][%mdl 4] is now more promising than 9...Be7.} 10. Nc3 O-O $1 11. b3 Ba6 12. Na4 Bd6 13. Rd1 Rac8 14. Bb2 e5 15. e3 Rfd8 16. Rac1 h6 $146 ({Predecessor:} 16... h5 17. Qf5 g6 18. Qg5 Qe6 19. Qh4 Ng4 20. cxd5 cxd5 21. Rxc8 Rxc8 22. h3 Nf6 {0-1 Poormosavi,S (2384)-Pranav,V (2611) Titled Tuesday intern op 12th Dec Early blitz 2023 (8)}) 17. h3 Ba3 18. Bxa3 Qxa3 19. Qc3 dxc4 20. Qxe5 cxb3 21. axb3 Rxd1+ $1 22. Rxd1 Qxb3 23. Ra1 Bc4 24. Qd4 Qc2 25. Nc5 Rb8 26. e4 Rb1+ 27. Rxb1 Qxb1+ 28. Kh2 Bf1 29. Bf3 Qb6 30. e5 Nd7 31. Qxd7 (31. e6 {looks sharper.} fxe6 32. Qxd7 Qxc5 33. Qxe6+ Kf8 34. Bxc6 Qxf2+ 35. Kh1) 31... Qxc5 32. Qe8+ (32. Bxc6 Qxf2+ (32... Qxe5 33. Bd5 $11) 33. Kh1 Be2 $17 (33... Qxg3 34. Qe8+ Kh7 35. Be4+ g6 36. Qxf7+ Kh8 37. Qxf1 $18)) 32... Qf8 33. Qxc6 (33. Qxf8+ $2 Kxf8 34. Bxc6 a6 $19) 33... Qe7 34. Bd5 Bd3 35. e6 Bg6 (35... fxe6 36. Bxe6+ Kh7 37. Qc8 $14) 36. Qd7 Kf8 37. Qc8+ Qe8 38. e7+ Kxe7 39. Qc5+ Kd8 $1 ({Don't go for} 39... Kf6 $2 40. Qd6+ $18 (40. Qxa7 Bf5 $11) (40. Qxa7 Bf5 $11)) 40. Qxa7 Qd7 41. Qc5 Qe7 42. Qb6+ Qc7 43. Qb4 Ke8 44. Bb3 Bf5 45. h4 Be6 46. Bxe6 1/2-1/2

[Event "Danish Skakligaen 2024-25"]
[Site "Denmark"]
[Date "2024.11.03"]
[Round "2.1"]
[White "Kanov, Nikola"]
[Black "Nielsen, Viktor Haarmark"]
[Result "0-1"]
[ECO "B38"]
[WhiteElo "2400"]
[BlackElo "2343"]
[Annotator "RC"]
[PlyCount "136"]
[EventDate "2024.11.02"]
[EventType "team-tourn"]
[EventCountry "DEN"]
[SourceTitle "playchess.com"]
[Source "ChessBase"]
[SourceQuality "1"]
[TimeControl "40/5400+30:1800+30"]

1. c4 c5 2. Nf3 Nc6 3. d4 cxd4 4. Nxd4 g6 5. e4 Bg7 6. Be3 Nf6 7. Nc3 d6 8. Be2 O-O 9. O-O Bd7 10. f3 Nxd4 11. Bxd4 a5 12. b3 Bc6 13. Qd2 Nd7 14. Be3 Nc5 15. Rab1 e6 16. Rfd1 Be5 17. Rbc1 Qe7 18. Bf1 Rad8 19. Ne2 b6 20. Bg5 Bf6 21. Bxf6 Qxf6 22. b4 axb4 23. Qxb4 Ba4 24. Rd2 Qg5 25. Qc3 Rd7 26. Rb1 Rb8 27. g3 Bc6 28. h4 Qe5 29. Qe3 d5 30. cxd5 exd5 31. Nd4 Ba8 32. Kh2 dxe4 33. f4 Qf6 34. Rbd1 Rbd8 35. Bb5 Rd6 36. Bc4 Nd3 37. Nb5 R6d7 38. a4 Qc6 39. Bb3 Nc5 40. Nd4 Qf6 41. Bc2 Bb7 42. Kg1 h5 43. f5 Nd3 44. Ne2 Qxf5 45. Bxd3 Rxd3 46. Rxd3 Rxd3 47. Rxd3 exd3 48. Nf4 Qe4 49. Kf2 Qxa4 50. Qxd3 Qc6 51. Qd8+ Kg7 52. Qd4+ Kh7 53. Qd3 b5 54. g4 hxg4 55. h5 Qf3+ 56. Qxf3 gxf3 57. hxg6+ fxg6 58. Nd3 Kh6 59. Kg3 Kg5 60. Nc5 Bd5 61. Nd3 Kf5 62. Nb4 Be4 63. Kf2 Kf4 64. Na6 g5 65. Nc7 b4 66. Ne6+ Ke5 67. Nxg5 b3 68. Ke3 b2 0-1

[Event "Danish Skakligaen 2024-25"]
[Site "Denmark"]
[Date "2024.11.03"]
[Round "2.1"]
[White "Sloth, Jorn"]
[Black "Hector, Jonny"]
[Result "0-1"]
[ECO "A06"]
[WhiteElo "2295"]
[BlackElo "2431"]
[Annotator "TA"]
[PlyCount "130"]
[EventDate "2024.11.02"]
[EventType "team-tourn"]
[EventCountry "DEN"]
[SourceTitle "playchess.com"]
[Source "ChessBase"]
[SourceQuality "1"]
[TimeControl "40/5400+30:1800+30"]

1. Nf3 d5 2. e3 Nc6 3. Bb5 e6 4. O-O $146 ({Predecessor:} 4. b3 Nge7 5. Bb2 a6 6. Be2 Ng6 7. h4 Be7 8. h5 Bf6 9. d4 Nge7 10. Nc3 e5 11. dxe5 Nxe5 {1-0 Cvek,R (2518)-Kraus,T (2451) CZE-chT 1819 2018 (7.6)}) 4... Bd6 5. d4 Nge7 6. b3 {[%emt 0:05:48] A06: Réti Opening: 1 Nf3 d5.} a6 7. Be2 e5 8. dxe5 Nxe5 9. Bb2 f6 10. c4 Be6 11. Nd4 Bf7 12. cxd5 Nxd5 13. Nf5 Bf8 14. Nc3 Qd7 15. Nxd5 Bxd5 16. Qc2 g6 (16... Qc6 $14 17. Qxc6+ Nxc6) 17. Ng3 ({White should try} 17. f4 $16 Qxf5 18. Qxf5 (18. Qxc7 $2 Rc8 $19) 18... gxf5 19. fxe5 fxe5 20. Rxf5) 17... Qc6 $14 18. Qxc6+ Bxc6 19. Rfd1 Bd6 20. Rac1 (20. f4 $5 Nd7 $8 21. Rac1 $11) 20... Rf8 21. Bd4 Ke7 22. f3 f5 23. Bc5 Rfd8 24. Bxd6+ Rxd6 25. Rxd6 Kxd6 26. Kf2 Bb5 27. f4 Nc6 $1 28. e4 Bxe2 29. Kxe2 Nd4+ 30. Kd3 (30. Ke3 $5 c5 $8 31. Ne2 Nxe2 32. e5+ Kc6 33. Kxe2 $11) 30... Ne6 31. Ke3 fxe4 32. Nxe4+ Ke7 33. Nc5 Nxc5 34. Rxc5 c6 35. Ke4 Rd8 36. Rc2 Rd1 37. g4 Rg1 38. Kf3 Rf1+ 39. Ke4 Ke6 40. Re2 c5 41. Rc2 b6 42. b4 Re1+ 43. Kf3 (43. Kd3 Rd1+ (43... cxb4 44. Rc6+ Kd5 45. Rxb6 $11) 44. Ke2 Rd4 (44... Rh1 45. Ke3 $11)) 43... Kd5 44. bxc5 bxc5 45. Rd2+ Kc6 46. Rc2 a5 47. f5 gxf5 48. gxf5 Kd5 49. Kf4 Rf1+ 50. Kg5 c4 51. Kf6 $2 (51. h4 $11 {and White has nothing to worry.}) 51... Rf3 $2 (51... Kd4 $19 52. Rd2+ Ke3) 52. h4 (52. Rc1 $1 $15) 52... c3 $17 53. Ke7 $2 (53. h5 $17) 53... Re3+ $2 ({Not} 53... Rxf5 54. Rxc3 Rf4 55. Rg3 $11) ({Black should play} 53... Kc4 $19 54. f6 Kd3) 54. Kf7 $11 Kd4 (54... Kc4 $5 55. f6 $8 Kd3 $15) 55. f6 Kd3 56. Rxc3+ $4 (56. Rc1 $11) 56... Kxc3 $19 57. Kg7 h5 58. f7 Rg3+ 59. Kh7 Rf3 60. Kg7 a4 61. f8=Q Rxf8 62. Kxf8 a3 63. Kg7 Kb2 64. Kg6 Kxa2 65. Kxh5 Kb3 0-1

[Event "Danish Skakligaen 2024-25"]
[Site "Denmark"]
[Date "2024.11.03"]
[Round "2.2"]
[White "Thybo, Jesper Sondergaard"]
[Black "Pantzar, Milton"]
[Result "1/2-1/2"]
[ECO "E06"]
[WhiteElo "2549"]
[BlackElo "2453"]
[Annotator "RC"]
[PlyCount "85"]
[EventDate "2024.11.02"]
[EventType "team-tourn"]
[EventCountry "DEN"]
[SourceTitle "playchess.com"]
[Source "ChessBase"]
[SourceQuality "1"]
[TimeControl "40/5400+30:1800+30"]

1. d4 d5 2. c4 e6 3. Nf3 Nf6 4. g3 Be7 5. Bg2 O-O 6. O-O c6 7. Nc3 a5 8. a3 b6 9. Re1 Ne4 10. Qc2 f5 11. Ne5 Bb7 12. Na4 b5 13. cxb5 cxb5 14. Nc5 Nxc5 15. dxc5 Nc6 16. Nxc6 Bxc6 17. Bd2 Bf6 18. Rac1 Qd7 19. Red1 d4 20. Bxc6 Qxc6 21. e3 a4 22. exd4 Bxd4 23. Bc3 Bxc3 24. Qxc3 Rfd8 25. Rd4 Rxd4 26. Qxd4 Rc8 27. h4 h6 28. Rc3 Rc7 29. Qd8+ Kh7 30. Qd6 Kg6 31. Re3 Kf7 32. Qxc6 Rxc6 33. Re5 Kf6 34. f4 g5 35. hxg5+ hxg5 36. Kf2 gxf4 37. gxf4 Kg6 38. Ke3 Kh5 39. Kf3 Kg6 40. Kg3 Kf6 41. Kf2 Kg6 42. Kf3 Kh5 43. Kg3 1/2-1/2

[Event "Danish Skakligaen 2024-25"]
[Site "Denmark"]
[Date "2024.11.03"]
[Round "2.2"]
[White "Olsen, Filip Boe"]
[Black "Vasli, Aref"]
[Result "1-0"]
[ECO "A67"]
[WhiteElo "2470"]
[BlackElo "2410"]
[Annotator "TA"]
[PlyCount "65"]
[EventDate "2024.11.02"]
[EventType "team-tourn"]
[EventCountry "DEN"]
[SourceTitle "playchess.com"]
[Source "ChessBase"]
[SourceQuality "1"]
[TimeControl "40/5400+30:1800+30"]

1. d4 Nf6 2. c4 e6 3. Nc3 c5 4. d5 exd5 5. cxd5 d6 6. e4 g6 7. f4 Bg7 8. Bb5+ Nfd7 9. a4 O-O 10. Nf3 Na6 11. O-O Nb4 12. h3 a6 13. Bc4 Nb6 14. Be2 {[%emt 0:05:00] White is slightly better.} a5 (14... f5 $6 15. e5 $16) (14... Re8 $11) 15. Be3 $14 Re8 16. Bf2 Nd7 ({Black should try} 16... c4 $14) 17. Bb5 $16 Rf8 18. Qd2 Qc7 19. b3 c4 (19... Nb6 $16 20. Rac1 f6) 20. Bxc4 $18 Nb6 21. Nb5 Nxc4 (21... Qd8 {was called for.} 22. Rae1 Rb8) 22. bxc4 (22. Nxc7 Nxd2 23. Nxd2 (23. Nxa8 Nxe4 24. Rad1 Bxh3 $11) 23... Bxa1 24. Rxa1 (24. Nxa8 Bc3 $18) 24... Rb8 $18) (22. Qxb4 $142 axb4 23. Nxc7 Bxa1 24. Nxa8 (24. Rxa1 Bf5 $18)) 22... Qxc4 23. Nxd6 Qa6 (23... Qd3 $142 24. Qxd3 Nxd3) 24. e5 Bd7 {[%emt 0:02:59] Black is weak on the dark squares} 25. Ra3 f6 26. Ne4 {[%emt 0:06:48] [#] Nc5 is the strong threat.} fxe5 $2 (26... Qc4 {is a better defense.}) 27. Nc5 {[%emt 0:00:55] Excellent horsemanship. White is clearly winning.} ({Less strong is} 27. Nxe5 Bf5 $16) 27... Qd6 28. fxe5 (28. Nxb7 Qxd5 29. Qxd5+ Nxd5 $16) 28... Qc7 (28... Qxd5 $142 29. Qxd5+ (29. Nxd7 Qxd2 30. Nxd2 Rf7 $18) 29... Nxd5 30. Nxd7 Rf7) 29. e6 Be8 30. d6 Qc6 31. d7 {[%emt 0:00:14][%cal Oe6e7] [#] aiming for e7!} Nd5 32. Rd3 Bxd7 33. Rxd5 {[%emt 0:01:29] White took control after the opening.   Weighted Error Value: White=0.25 (precise) /Black=0.64.  Mistake:       	White=1     	Black=7      Inaccurate:     	White=1     	Black=1      OK:         	White=10    	Black=4      Best:        	White=1     	Black=2} 1-0

[Event "Danish Skakligaen 2024-25"]
[Site "Denmark"]
[Date "2024.11.03"]
[Round "2.2"]
[White "Kistrup, Nicolai"]
[Black "Rasmussen, Karsten"]
[Result "0-1"]
[ECO "B12"]
[WhiteElo "2420"]
[BlackElo "2391"]
[Annotator "TA"]
[PlyCount "70"]
[EventDate "2024.11.02"]
[EventType "team-tourn"]
[EventCountry "DEN"]
[SourceTitle "playchess.com"]
[Source "ChessBase"]
[SourceQuality "1"]
[TimeControl "40/5400+30:1800+30"]

1. e4 c6 2. d4 d5 3. e5 Bf5 4. Nf3 e6 5. Be2 Nd7 6. O-O Ne7 7. c3 c5 8. dxc5 Nc6 9. b4 Ndxe5 10. Nd4 Be7 {[%emt 0:02:08] White is slightly better.} 11. Nxf5 exf5 12. Qc2 Qd7 13. Rd1 O-O 14. Nd2 Bf6 15. Nb3 a5 16. b5 Ne7 ({Better is} 16... a4) 17. a4 $1 $36 {[%emt 0:05:06][%mdl 2048] Keeping Black busy.} Rfe8 18. Be3 (18. f4 $142 $1 N5g6 19. Be3) 18... N7g6 {[%emt 0:02:49] Strongly threatening ...f4.} 19. Bd4 f4 20. f3 Nh4 21. Bf2 Nf5 {[%emt 0:03:50] [#]} 22. c4 $1 d4 23. Nxd4 (23. Bxd4 $6 Nxd4 24. Nxd4 Qe7 $11) 23... Nxd4 24. Bxd4 Nxf3+ 25. Bxf3 Bxd4+ 26. Kf1 {[%emt 0:00:45] aiming for c6.} Rad8 {[%emt 0:00:13] [#]} 27. Ra3 $2 (27. c6 $1 $16 {[%cal Rc6d7] is necessary to keep the advantage.} Qe6 (27... bxc6 $2 28. Bxc6 Qc7 29. Rxd4 $18) 28. c7) 27... Qe7 $17 28. Rad3 Bxc5 (28... Qxc5 $6 29. Bxb7 g6 30. Qa2 $11) 29. Rxd8 Rxd8 30. Rxd8+ Qxd8 31. Bxb7 $2 {[%emt 0:01:06][%mdl 8192] KQB-KQB. Loses the game.} (31. Qd1 $17 Qc7 32. Qe2) 31... Qd4 {[%emt 0:01:02] Black mates.} 32. Bf3 Qg1+ 33. Ke2 Qf2+ ({Stronger than} 33... Qxh2 34. Qe4 Qg1 35. Qe8+ (35. Qxf4 Qf2+ 36. Kd3 Qf1+ 37. Kc2 Qa1 $11) 35... Bf8 36. Bd5 f3+ 37. Kxf3 (37. gxf3 Qg6 $11) 37... Qf1+ 38. Kg3 $11) 34. Kd1 Qf1+ 35. Kd2 Bb4+ {[%emt 0:00:31] Weighted Error Value: White=0.45/Black=0.09 (flawless) .  Loses game:     	White=1     	---        Mistake:       	White=2     	Black=1      Inaccurate:     	White=1     	Black=2      OK:         	White=13    	Black=10     Best:        	White=1     	Black=2      Strong:       	White=2     	---} 0-1

[Event "Danish Skakligaen 2024-25"]
[Site "Denmark"]
[Date "2024.11.03"]
[Round "2.2"]
[White "Brynell, Stellan"]
[Black "Klitgaard, Thomas"]
[Result "1-0"]
[ECO "E18"]
[WhiteElo "2368"]
[BlackElo "2183"]
[Annotator "RC"]
[PlyCount "111"]
[EventDate "2024.11.02"]
[EventType "team-tourn"]
[EventCountry "DEN"]
[SourceTitle "playchess.com"]
[Source "ChessBase"]
[SourceQuality "1"]
[TimeControl "40/5400+30:1800+30"]

1. d4 e6 2. Nf3 b6 3. g3 Bb7 4. Bg2 Nf6 5. c4 Be7 6. O-O O-O 7. Nc3 Ne4 8. Bd2 Nxd2 9. Qxd2 Bf6 10. e4 g6 11. Rad1 d6 12. Rfe1 Bg7 13. h4 Qe7 14. d5 e5 15. Bh3 Bc8 16. Bxc8 Rxc8 17. Kg2 Nd7 18. h5 Nf6 19. hxg6 hxg6 20. Rh1 Kf8 21. Ne1 Qd7 22. Nd3 a5 23. f3 Ke7 24. Nb5 Rh8 25. Qg5 Rxh1 26. Rxh1 Kf8 27. Nf2 Qe7 28. Qd2 Qd7 29. Nd3 Ng8 30. Rh3 Nf6 31. Nf2 Qe7 32. Nc3 Nd7 33. Ng4 Nf6 34. Nf2 Nd7 35. Nb5 Nf6 36. Rh2 Qd7 37. Qg5 Qe7 38. Qh4 Ne8 39. Qxe7+ Kxe7 40. Kf1 Kf8 41. Ke2 Ke7 42. Kd3 Kf8 43. Ng4 Rd8 44. a3 Rd7 45. b4 axb4 46. axb4 Ke7 47. Ra2 f5 48. Nf2 Bf6 49. Ra7 Kf7 50. g4 f4 51. c5 bxc5 52. bxc5 dxc5 53. Kc4 Bh4 54. Nd3 Re7 55. Kxc5 Nd6 56. Rxc7 1-0

[Event "Danish Skakligaen 2024-25"]
[Site "Denmark"]
[Date "2024.11.03"]
[Round "2.2"]
[White "Skonnord, Uno"]
[Black "Fries-Nielsen, Jens Ove"]
[Result "0-1"]
[ECO "B01"]
[WhiteElo "2162"]
[BlackElo "2334"]
[Annotator "RC"]
[PlyCount "152"]
[EventDate "2024.11.02"]
[EventType "team-tourn"]
[EventCountry "DEN"]
[SourceTitle "playchess.com"]
[Source "ChessBase"]
[SourceQuality "1"]
[TimeControl "40/5400+30:1800+30"]

1. e4 d5 2. exd5 Qxd5 3. Nc3 Qd8 4. d4 Nf6 5. Nf3 a6 6. Bd3 Nc6 7. h3 g6 8. O-O Bg7 9. a3 O-O 10. Bc4 Ne8 11. Ne2 Nd6 12. Ba2 e5 13. c3 e4 14. Nh2 Kh8 15. f3 f5 16. fxe4 Nxe4 17. Nf4 Nxd4 18. Be3 Nc6 19. Qc2 Bd7 20. Rad1 Qe8 21. Nd5 Rc8 22. Rfe1 Be6 23. Nf3 Qf7 24. c4 h6 25. b4 g5 26. Nd4 Nxd4 27. Bxd4 Bxd4+ 28. Rxd4 Qg7 29. Rd3 Rcd8 30. Rb1 c6 31. Ne3 Rd4 32. Nf1 Rfd8 33. Rbd1 c5 34. bxc5 Nxc5 35. Rxd4 Rxd4 36. Re1 Qd7 37. Qc3 Ne4 38. Qb4 Kg8 39. Qb6 Rd6 40. Qb2 Qg7 41. Qxg7+ Kxg7 42. Bb1 Nc3 43. c5 Rc6 44. Ng3 Kf6 45. Nh5+ Kf7 46. Ng3 Rxc5 47. Bd3 b5 48. Rf1 f4 49. Ne2 Nxe2+ 50. Bxe2 Rc2 51. Bh5+ Kf6 52. Rd1 Ke5 53. Re1+ Kd6 54. Rd1+ Kc5 55. Bf3 a5 56. Rd8 b4 57. Re8 b3 58. Rxe6 b2 59. Be4 Re2 60. Rc6+ Kb5 61. a4+ Kxa4 62. Bf5 Re1+ 63. Kf2 b1=Q 64. Bxb1 Rxb1 65. Rxh6 Rb5 66. Rh5 Kb4 67. h4 a4 68. hxg5 a3 69. Rh1 Rxg5 70. Kf3 a2 71. Rg1 Rf5 72. Ke4 Rf8 73. Rf1 Re8+ 74. Kf5 Kb3 75. Kg4 Re2 76. Kh3 Kb2 0-1

[Event "Danish Skakligaen 2024-25"]
[Site "Denmark"]
[Date "2024.11.03"]
[Round "2.3"]
[White "Chatalbashev, Boris"]
[Black "Christensen, Stefan"]
[Result "1-0"]
[ECO "E21"]
[WhiteElo "2476"]
[BlackElo "2199"]
[Annotator "TA"]
[PlyCount "91"]
[EventDate "2024.11.02"]
[EventType "team-tourn"]
[EventCountry "DEN"]
[SourceTitle "playchess.com"]
[Source "ChessBase"]
[SourceQuality "1"]
[TimeControl "40/5400+30:1800+30"]

1. d4 Nf6 2. c4 e6 3. Nf3 b6 4. Nc3 Bb4 5. e3 Bb7 6. Bd3 c5 7. O-O O-O 8. Na4 cxd4 9. a3 Be7 10. exd4 d6 11. Re1 Nbd7 12. b4 Re8 13. Nc3 Rc8 14. h3 Qc7 {[%emt 0:01:48] White has an edge.} 15. Bf4 Qb8 16. Bh2 a6 17. Re3 Qa8 18. Qb3 Bf8 19. Rae1 h6 20. Bf1 Rcd8 21. Nd2 Nb8 22. Qb2 Nc6 23. Nb3 Ne7 24. a4 Nf5 25. Rd3 Qa7 (25... Ne4 $11 {feels stronger.}) 26. a5 $14 bxa5 27. Nxa5 Ba8 28. c5 (28. Red1 $14) 28... dxc5 (28... Rb8 $11 {remains equal.}) 29. dxc5 $16 {[%emt 0:01:27] White leaves nothing to chance now.} Rxd3 30. Bxd3 Nh4 {[%emt 0:02:42] [#]} 31. Bf1 Nd5 32. Nxd5 Bxd5 33. Qd4 Be7 34. Be5 Qa8 35. Qg4 {[%emt 0:02:09][%csl Ge5][%cal Rg4g7] White is more active.} (35. Bxg7 Bxg2 (35... Nxg2 $2 36. Bxh6 Bf8 37. Qg4+ Kh7 38. Bxf8 $18) (35... Nf5 $2 36. Qc3 $19) 36. Be2 (36. Bxh6 $2 {loses.} Nf3+ 37. Kxg2 Nxd4+ $19) 36... Bf1 $19 (36... Bxh3 $2 37. c6 $19)) 35... g6 (35... Ng6 $16 {keeps fighting.}) 36. Bc3 $40 {[%emt 0:01:46][%mdl 128] aiming for Qd4. White goes for the king.} Kh7 37. Nc4 Bxc4 $2 (37... Qb7 {was called for.} 38. Ra1 Nf5) 38. Qxc4 a5 39. b5 a4 40. c6 {[%emt 0:02:08][%cal Oe1e6] Hoping for Rxe6!} a3 {[%emt 0:00:59] [#]} 41. Rxe6 $1 Nf5 42. Re1 (42. Rxg6 $142 Rf8 43. Rg4) 42... Nd6 43. Qd4 Nf5 {[%emt 0:02:04] Repels Qg7+} 44. Qd5 {[%emt 0:00:00] Black is weak on the light squares} Kg8 45. Bc4 Rf8 {[%emt 0:02:04] [#]} 46. Rxe7 $1 {[%emt 0:00:00][%mdl 512] Weighted Error Value: White=0.07 (flawless) /Black=0.65.  Mistake:       	White=1     	Black=4      Inaccurate:     	White=1     	Black=3      OK:         	White=11    	Black=12     Best:        	---       	Black=1} 1-0

[Event "Danish Skakligaen 2024-25"]
[Site "Denmark"]
[Date "2024.11.03"]
[Round "2.3"]
[White "Smith, Axel"]
[Black "Hansen, Sune Berg"]
[Result "1/2-1/2"]
[ECO "A20"]
[WhiteElo "2433"]
[BlackElo "2511"]
[Annotator "TA"]
[PlyCount "76"]
[EventDate "2024.11.02"]
[EventType "team-tourn"]
[EventCountry "DEN"]
[SourceTitle "playchess.com"]
[Source "ChessBase"]
[SourceQuality "1"]
[TimeControl "40/5400+30:1800+30"]

1. c4 e5 2. e3 d6 3. d4 Nd7 4. Nc3 g6 5. g3 Bg7 6. Bg2 Ngf6 7. Nf3 O-O 8. O-O Re8 9. b4 exd4 10. exd4 Nb6 11. c5 dxc5 12. bxc5 Nbd5 13. Nxd5 Nxd5 14. Qb3 {[%emt 0:01:17] Dodges Nc3} Be6 {[%emt 0:10:54][%cal Od5f4] [#] ...Nf4! would now be deadly.} 15. Qxb7 Rb8 16. Qxa7 Ra8 17. Qb7 Rb8 18. Qa7 (18. Qa6 $14) 18... Ra8 $11 19. Qb7 Rb8 $1 20. Qa6 Nb4 $1 21. Qa4 {[%emt 0:01:08] Hoping for Rb1.} Bd7 $1 22. Qb3 Be6 23. Qa4 Bd7 $1 24. Qb3 Be6 25. Qc3 Nxa2 {[%emt 0:03:12] The position is equal.} 26. Qd2 Nxc1 27. Raxc1 Bd5 28. Rfd1 Rb3 29. Rc3 Rxc3 30. Qxc3 Qa8 31. Ra1 Qd8 32. Re1 Rxe1+ 33. Qxe1 Bxf3 34. Bxf3 Bxd4 {[%emt 0:00:12] KQB-KQB} 35. c6 Qf6 36. Kg2 h5 37. h4 Kg7 38. Qd2 Bb6 {Weighted Error Value: White=0.09 (flawless) /Black=0.03 (flawless) .  Mistake:       	White=1     	---        Inaccurate:     	White=1     	Black=2      OK:         	White=15    	Black=13     Best:        	---       	Black=1      Strong:       	---       	Black=4} 1/2-1/2